 Dungeon Crawl Stone Soup version 0.27-a0-1189-gb8eb6cee8e (webtiles) character file.

Game seed: 7379151926867288217

470 flotson the Covert (level 7, -1/59 HPs)
             Began as a Gnoll Delver on May 23, 2021.
             Was an Initiate of Trog.
             Slain by a jelly (2 damage)
             ... on level 4 of the Dungeon.
             The game lasted 00:08:42 (5091 turns).

flotson the Covert (Gnoll Delver)                   Turns: 5091, Time: 00:08:42

Health: -1/59      AC: -3    Str: 13    XL:     7   Next: 9%
Magic:  19/19      EV: 12    Int: 10    God:    Trog [......]
Gold:   199        SH:  0    Dex: 13    Spells: 10/10 levels left

rFire    . . .     SeeInvis .   a - +2 falchion (vorpal)
rCold    . . .     Faith    +   (no shield)
rNeg     . . .     Spirit   .   f - +0 ring mail
rPois    .         Reflect  .   (no helmet)
rElec    .         Harm     .   j - +2 cloak
rCorr    .         Rampage  .   (no gloves)
Will     .....                  (no boots)
Stlth    ++++......             m - amulet of faith
HPRegen  0.19/turn              r - ring of magical power
MPRegen  0.16/turn              (no ring)

@: corroded
A: fangs 1, strong nose, distributed training
a: Renounce Religion


You were on level 4 of the Dungeon.
You worshipped Trog.
Trog was noncommittal.
You visited 1 branch of the dungeon, and saw 5 of its levels.

You collected 199 gold pieces.

Inventory:

Hand Weapons
 a - a +2 vorpal falchion (weapon)
 s - a +0 war axe
Missiles
 b - 6 boomerangs
 d - 29 poisoned darts (quivered)
Armour
 f - a +0 ring mail (worn)
 j - a +2 cloak (worn)
Jewellery
 m - an amulet of faith (around neck)
 r - a ring of magical power (left hand)
Wands
 g - a wand of digging (2)
Scrolls
 c - a scroll of fog
 e - 2 scrolls of vulnerability {unknown}
 h - a scroll of amnesia {unknown}
 k - 2 scrolls of teleportation {unknown}
 n - a scroll of fear
Potions
 i - 2 potions of curing
 l - a potion of attraction {unknown}
 o - a potion of degeneration {unknown}
 p - a potion of berserk rage {unknown}
 q - a potion of resistance {unknown}
 t - a potion of haste
 u - a potion of mutation {unknown}


   Skills:
 + Level 6.9 Fighting
 + Level 2.2 Short Blades
 + Level 2.2 Long Blades
 + Level 2.2 Axes
 + Level 2.2 Maces & Flails
 + Level 5.1 Polearms
 + Level 2.2 Staves
 + Level 2.2 Slings
 + Level 2.2 Bows
 + Level 2.2 Crossbows
 + Level 2.2 Throwing
 + Level 2.2 Armour
 + Level 5.1 Dodging
 + Level 9.8 Stealth
 + Level 2.2 Shields
 + Level 2.2 Unarmed Combat
 + Level 2.2 Spellcasting
 + Level 1.8 Conjurations
 + Level 1.8 Hexes
 + Level 1.8 Summonings
 + Level 1.8 Necromancy
 + Level 1.8 Translocations
 + Level 1.8 Transmutations
 + Level 1.8 Fire Magic
 + Level 1.8 Ice Magic
 + Level 1.8 Air Magic
 + Level 1.8 Earth Magic
 + Level 1.8 Poison Magic
 + Level 2.5 Invocations
 + Level 2.2 Evocations


You had 10 spell levels left.
You didn't know any spells.
Your spell library was empty.

Dungeon Overview and Level Annotations

Branches:
Dungeon (5/15)
 Temple: D:4-7

Altars:
Dithmenos
Sif Muna
Trog

Annotations:
D:2 Grinder


Innate Abilities, Weirdness & Mutations

You have very sharp teeth.
Your uncanny sense of smell can sniff out nearby items.
Your experience applies equally to all skills.


Message History

You are splashed with acid!
You hit the jelly.
Your hands burn!
You bite the jelly.
The jelly is moderately wounded.
The jelly barely misses you.
You hit the jelly. The acid corrodes you!
Your hands burn!
You bite the jelly, but do no damage.
The jelly is heavily wounded.
The jelly hits you but does no damage.
You are too injured to fight recklessly!
You are too injured to fight recklessly!
You are too injured to fight recklessly!
You are too injured to fight recklessly!
You are too injured to fight recklessly!
You are too injured to fight recklessly!
You are too injured to fight recklessly!
You barely miss the jelly.
The jelly is heavily wounded.
The jelly barely misses you.
You riposte.
You slash the jelly!
The jelly is severely wounded.
You barely miss the jelly.
The jelly is severely wounded.
The jelly closely misses you.
You hit the jelly. The acid corrodes you!
Your hands burn!
The jelly is almost dead.
The jelly hits you. The acid corrodes you!
You are splashed with acid!
* * * LOW HITPOINT WARNING * * *
The jelly hits you.
* * * LOW HITPOINT WARNING * * *
You are splashed with acid!
* * * LOW HITPOINT WARNING * * *
You hit the jelly but do no damage.
Your hands burn!
* * * LOW HITPOINT WARNING * * *
The jelly is almost dead.
The jelly misses you.
You riposte.
You hit the jelly but do no damage.
The jelly is almost dead.
You hit the jelly but do no damage.
Your hands burn!
* * * LOW HITPOINT WARNING * * *
The jelly is almost dead.
The jelly hits you.
You die...

.. ..........⌠≈≈.......
... .......≈≈....≈......
...#####..≈..≈≈..≈....##
..........≈....≈≈.....##
...........≈≈.........##
............≈≈........##
.........###≈≈≈≈≈≈###.##
####....# ##≈≈≈≈## ####
#..@## ###### #####
#..J# #.... #.....
####.. #......
######..##. ..$......
#.≈..#8..#.
..##./.######o≈..+._...
... #######..#o≈..#8..#.
.. #........######..##.
##........#########..


You could see a jelly.

Vanquished Creatures
  A black bear (D:4)
  2 jellies (D:4)
  A hound (D:2)
  Natasha (thrice) (D:2)
  2 iguanas
  6 adders
  An ufetubus (D:1)
  2 dart slugs
  10 orcs
  8 endoplasms
  A giant cockroach (D:1)
  2 goblins (D:3)
  4 hobgoblins
  18 jackals
  3 quokkas
  10 ball pythons
  2 bats
  A frilled lizard (D:3)
  7 kobolds
  11 rats
95 creatures vanquished.

Vanquished Creatures (others)
  A plant (D:4)
1 creature vanquished.

Grand Total: 96 creatures vanquished

Notes
Turn   | Place    | Note
-------+----------+-------------------------------------------
     0 | D:5      | Reached skill level 9 in Stealth
     0 | D:5      | flotson the Gnoll Delver began the quest for the Orb.
     0 | D:5      | Reached XP level 1. HP: 23/23 MP: 1/1
     9 | D:5      | Noticed an ogre
    39 | D:4      | Noticed a hound
    54 | D:3      | Found a shadowy altar of Dithmenos.
    93 | D:3      | Noticed an iguana
   502 | D:1      | Reached XP level 2. HP: 24/29 MP: 2/2
  1029 | D:1      | Reached XP level 3. HP: 35/35 MP: 3/3
  1513 | D:2      | Reached skill level 1 in Invocations
  1700 | D:2      | Reached skill level 1 in Short Blades
  1700 | D:2      | Reached skill level 1 in Long Blades
  1700 | D:2      | Reached skill level 1 in Axes
  1700 | D:2      | Reached skill level 1 in Maces & Flails
  1700 | D:2      | Reached skill level 1 in Staves
  1700 | D:2      | Reached skill level 1 in Slings
  1700 | D:2      | Reached skill level 1 in Bows
  1700 | D:2      | Reached skill level 1 in Crossbows
  1700 | D:2      | Reached skill level 1 in Throwing
  1700 | D:2      | Reached skill level 1 in Armour
  1700 | D:2      | Reached skill level 1 in Shields
  1700 | D:2      | Reached skill level 1 in Unarmed Combat
  1700 | D:2      | Reached skill level 1 in Spellcasting
  1700 | D:2      | Reached skill level 1 in Evocations
  1799 | D:2      | Reached XP level 4. HP: 32/41 MP: 5/5
  1969 | D:2      | Noticed Natasha
  1985 | D:2      | Killed Natasha
  1986 | D:2      | Reached skill level 1 in Conjurations
  1986 | D:2      | Reached skill level 1 in Hexes
  1986 | D:2      | Reached skill level 1 in Summonings
  1986 | D:2      | Reached skill level 1 in Necromancy
  1986 | D:2      | Reached skill level 1 in Translocations
  1986 | D:2      | Reached skill level 1 in Transmutations
  1986 | D:2      | Reached skill level 1 in Fire Magic
  1986 | D:2      | Reached skill level 1 in Ice Magic
  1986 | D:2      | Reached skill level 1 in Air Magic
  1986 | D:2      | Reached skill level 1 in Earth Magic
  1986 | D:2      | Reached skill level 1 in Poison Magic
  2261 | D:2      | Noticed Natasha
  2274 | D:2      | Killed Natasha
  2275 | D:2      | Reached XP level 5. HP: 47/47 MP: 5/7
  2446 | D:2      | Noticed Natasha
  2453 | D:2      | Killed Natasha
  3305 | D:3      | Noticed Grinder
  3373 | D:3      | Reached XP level 6. HP: 17/53 MP: 8/8
  4075 | D:3      | Found a bloodstained altar of Trog.
  4082 | D:3      | Became a worshipper of Trog the Wrathful
  4527 | D:4      | Reached skill level 5 in Polearms
  4527 | D:4      | Reached skill level 5 in Dodging
  4821 | D:4      | Noticed a black bear
  4837 | D:4      | Killed a black bear
  4853 | D:4      | Found a shimmering blue altar of Sif Muna.
  4882 | D:4      | Reached XP level 7. HP: 48/59 MP: 10/10
  5091 | D:4      | HP: 1/59 [acid (2)]
  5091 | D:4      | Slain by a jelly

Illustrated notes

Levels and vault maps discovered:
D:1:      nicolae_arrival_somewhat_less_tricky_arrival, layout_basic
D:2:      layout_rooms, uniq_natasha
D:3:      layout_rooms, amcnicky_altar_gilded, old_standard_altar, uniq_grinder
D:4:      cheibrodos_helix_gallery, layout_gridville, led_sif_book,
          cheibrodos_ashenzari_chains, lemuel_crystal_altar,
          fedhas_altar_decomposition, minmay_temple_entry_sparse_star
D:5:      minmay_clustersquares, layout_gridville,
          chequers_temple_overflow_statue_of_worship, portal_sewer_entry_a,
          minmay_misc_feat_enclosed, uniq_menkaure, uniq_duvessa

Skill      XL: |  1  2  3  4  5  6 |
---------------+-------------------+-----
Stealth        | |  9.8
Invocations    | 1 2 |  2.5
Short Blades   | 1 2 |  2.2
Long Blades    | 1 2 |  2.2
Axes           | 1 2 |  2.2
Maces & Flails | 1 2 |  2.2
Staves         | 1 2 |  2.2
Slings         | 1 2 |  2.2
Bows           | 1 2 |  2.2
Crossbows      | 1 2 |  2.2
Throwing       | 1 2 |  2.2
Armour         | 1 2 |  2.2
Shields        | 1 2 |  2.2
Unarmed Combat | 1 2 |  2.2
Spellcasting   | 1 2 |  2.2
Evocations     | 1 2 |  2.2
Conjurations   | 1 |  1.8
Hexes          | 1 |  1.8
Summonings     | 1 |  1.8
Necromancy     | 1 |  1.8
Translocations | 1 |  1.8
Transmutations | 1 |  1.8
Fire Magic     | 1 |  1.8
Ice Magic      | 1 |  1.8
Air Magic      | 1 |  1.8
Earth Magic    | 1 |  1.8
Poison Magic   | 1 |  1.8
Polearms       | 5 |  5.1
Dodging        | 5 |  5.1
Fighting       | |  6.9

Action                   |  1- 3 |  4- 6 |  7- 9 || total
-------------------------+-------+-------+-------++-------
Melee: Spear             |   144 |   222 |       ||   366
       Bite              |    13 |    23 |     2 ||    38
       Punch             |       |     2 |       ||     2
       Falchion          |       |    33 |    10 ||    43
Throw: Dart              |    13 |    34 |     5 ||    52
Evoke: Wand              |     1 |       |       ||     1
  Use: Scroll            |     2 |       |       ||     2
       Potion            |     1 |     1 |       ||     2
 Stab: Sleeping          |    10 |     6 |       ||    16
       Distracted        |       |     1 |       ||     1
Armor: Leather armour    |    36 |       |       ||    36
       Ring mail         |    19 |    72 |     2 ||    93
Dodge: Dodged            |   141 |   167 |     5 ||   313
       Rpst.: Falchion   |       |    13 |     3 ||    16

Table legend: (Time is in decaauts)
 A = Elapsed time spent in this place.
 B = Non-inter-level travel time spent in this place.
 C = Inter-level travel time spent in this place.
 D = Time resting spent in this place.
 E = Time spent auto-exploring this place.
 F = Levels seen in this place.
 G = Mean time per level.
                   A        B        C        D        E       F      G
               +--------+--------+--------+--------+--------+-----+--------+
         Total |   5061 |   4912 |    149 |    524 |   3461 |   5 | 1012.2 |
       Dungeon |   5061 |   4912 |    149 |    524 |   3461 |   5 | 1012.2 |
               +--------+--------+--------+--------+--------+-----+--------+

Top non-repeatable levels by time:
     D:2: 1646 daAuts
     D:1: 1546 daAuts
     D:3: 1217 daAuts
     D:4: 612 daAuts
     D:5: 39 daAuts
